 Dungeon Crawl Stone Soup version 0.29-a0-22-gbf593b16ee (webtiles) character file.

Game seed: 7390503033508888898

81 blank1 the Skirmisher (level 4, -1/41 HPs)
             Began as a Minotaur Fighter on Jan 29, 2022.
             Slain by a gnoll (2 damage)
             ... on level 6 of the Dungeon.
             The game lasted 00:02:45 (1944 turns).

blank1 the Skirmisher (Minotaur Fighter)            Turns: 1944, Time: 00:02:45

Health: -1/41      AC:  7    Str: 22    XL:     4   Next: 20%
Magic:  3/3        EV: 10    Int:  5    God:
Gold:   109        SH:  4    Dex: 10    Spells: 3/3 levels left

rFire   . . .      SeeInvis .   a - +0 flail
rCold   . . .      Faith    .   c - +0 buckler
rNeg    . . .      Spirit   .   b - +0 scale mail
rPois   .          Reflect  .   (helmet restricted)
rElec   .          Harm     .   (no cloak)
rCorr   .          Rampage  .   (no gloves)
Will    .....                   (no boots)
Stlth   ..........              k - amulet of the acrobat
HPRegen 0.13/turn               (no ring)
MPRegen 0.08/turn               (no ring)

@: mighty
A: horns 2, retaliatory headbutt
a: no special abilities


You were on level 6 of the Dungeon.
You visited 1 branch of the dungeon, and saw 4 of its levels.

You collected 109 gold pieces.

Inventory:

Hand Weapons
 a - a +0 flail (weapon)
Armour
 b - a +0 scale mail (worn)
 c - a +0 buckler (worn)
Jewellery
 h - a ring of fire
 k - an amulet of the acrobat (around neck)
Scrolls
 e - a scroll of noise {unknown}
Potions
 i - a potion of magic
 j - a potion of attraction {unknown}
 l - a potion of haste {unknown}
 n - 2 potions of heal wounds {unknown}


   Skills:
 + Level 4.4 Fighting
 + Level 3.5 Maces & Flails
 - Level 4.0 Armour
 + Level 1.9 Dodging
 - Level 4.0 Shields


You had 3 spell levels left.
You didn't know any spells.
Your spell library contained the following spells:

 Spells                   Type           Power      Damage    Failure   Level
 Ozocubu's Armour         Ice            0%         N/A       99%         3
 Metabolic Englaciation   Hex/Ice        0%         N/A       100%        5
 Simulacrum               Ice/Necr       0%         N/A       100%        6


Dungeon Overview and Level Annotations

Branches:
Dungeon (3/15)

Altars:
Kikubaaqudgha


Innate Abilities, Weirdness & Mutations

You have a pair of horns on your head.
You reflexively headbutt those who attack you in melee.


Message History

The jackal bites you but does no damage. x2
You sock the jackal!
You kill the jackal!
No target in view!
No target in view!
Found a stone staircase leading up.
There is a stone staircase leading up here.
Found a stone staircase leading down.
No target in view!
No target in view!
A sourceless malevolence fills the Dungeon...
You fall into a shaft and drop 3 floors!
The shaft crumbles and collapses.
A gnoll sergeant and 4 gnolls come into view.
A gnoll is wielding a +2 antimagic spear.
The gnoll sergeant shouts!
The gnoll shouts! x4
Found 3 poisoned darts.
You feel very mighty all of a sudden. The gnoll barely misses you.
The gnoll hits you with a +0 spear. The gnoll hits you with a +0 halberd.
The gnoll sergeant hits you with a +0 trident!
You hit the gnoll sergeant.
The gnoll sergeant is lightly wounded.
The gnoll barely misses you. The gnoll hits you but does no damage.
The gnoll closely misses you.
The gnoll sergeant hits you with a +0 trident.
The gnoll hits you with a +0 flail.
You barely miss the gnoll sergeant.
Your headbutt misses the gnoll sergeant.
The gnoll sergeant is lightly wounded.
The gnoll hits you with a +0 halberd!
* * * LOW HITPOINT WARNING * * *
You block the gnoll's attack.
The gnoll sergeant hits you with a +0 trident!
* * * LOW HITPOINT WARNING * * *
The gnoll barely misses you. The gnoll closely misses you.
You sock the gnoll sergeant!
The gnoll sergeant is moderately wounded.
The gnoll hits you with a +2 antimagic spear.
You die...

# #. ####
#.####.....
#.gg....###
#.g@......#
#.g.g.....#
#..###....#
#.. (...
#.. .## ...
# #... #.##


You could see a gnoll sergeant and 4 gnolls.

Vanquished Creatures
  2 adders (D:2)
  3 dart slugs
  6 bats
  5 endoplasms
  4 giant cockroaches
  3 goblins
  4 hobgoblins
  6 jackals
  2 quokkas (D:1)
  6 ball pythons
  2 frilled lizards (D:2)
  4 kobolds
  5 rats
52 creatures vanquished.

Notes
Turn   | Place    | Note
-------+----------+-------------------------------------------
     0 | D:1      | blank1 the Minotaur Fighter began the quest for the Orb.
     0 | D:1      | Reached XP level 1. HP: 19/19 MP: 0/0
   188 | D:1      | Reached XP level 2. HP: 27/27 MP: 1/1
   342 | D:1      | Reached skill level 1 in Dodging
   628 | D:1      | Reached XP level 3. HP: 29/33 MP: 2/2
   760 | D:1      | Found a faded altar of an unknown god.
  1382 | D:2      | Found an ancient bone altar of Kikubaaqudgha.
  1612 | D:2      | Reached XP level 4. HP: 35/41 MP: 3/3
  1940 | D:3      | You fall into a shaft and drop 3 floors!
  1940 | D:6      | Noticed a gnoll sergeant
  1943 | D:6      | HP: 1/41 [gnoll sergeant (8)]
  1944 | D:6      | Slain by a gnoll

Illustrated notes

Levels and vault maps discovered:
D:1:      psy_arrival_radial01, layout_loops_ring,
          ebering_ecumenical_altar_sacrificial
D:2:      layout_basic, basic_altar
D:3:      layout_loops_corners, nicolae_ashenzari_panopticon,
          supply_closet_lemuel
D:6:      layout_basic, hangedman_minor_gate_pass, uniq_maggie

Skill      XL: |  1  2  3 |
---------------+----------+-----
Dodging        | 1 |  1.9
Fighting       | 4 |  4.4
Armour         | 4 |  4.0
Shields        | 4 |  4.0
Maces & Flails | 3 |  3.5

Action                   |  1- 3 |  4- 6 || total
-------------------------+-------+-------++-------
Melee: Flail             |    96 |    16 ||   112
       Headbutt          |    12 |     4 ||    16
  Use: Scroll            |       |     4 ||     4
       Potion            |       |     1 ||     1
Armor: Scale mail        |    59 |     6 ||    65
Dodge: Dodged            |    46 |    11 ||    57
Block: Buckler           |    25 |     2 ||    27

Table legend: (Time is in decaauts)
 A = Elapsed time spent in this place.
 B = Non-inter-level travel time spent in this place.
 C = Inter-level travel time spent in this place.
 D = Time resting spent in this place.
 E = Time spent auto-exploring this place.
 F = Levels seen in this place.
 G = Mean time per level.
                   A        B        C        D        E       F      G
               +--------+--------+--------+--------+--------+-----+--------+
         Total |   1975 |   1962 |     13 |    138 |   1529 |   4 |  493.8 |
       Dungeon |   1975 |   1962 |     13 |    138 |   1529 |   4 |  493.8 |
               +--------+--------+--------+--------+--------+-----+--------+

Top non-repeatable levels by time:
     D:1: 937 daAuts
     D:2: 888 daAuts
     D:3: 145 daAuts
     D:6: 4 daAuts
